 Dungeon Crawl Stone Soup version 0.19.5 (webtiles) character file.

51 Megalobster the Grave Robber (level 3, -5/24 HPs)
             Began as a Vampire Necromancer on Mar 31, 2017.
             Slain by equalderp2856's ghost (10 damage)
             ... on level 3 of the Dungeon.
             The game lasted 00:08:51 (2139 turns).

Megalobster the Grave Robber (Vampire Necromancer)  Turns: 2139, Time: 00:08:52

Health: -5/24      AC:  2    Str:  7    XL:     3   Next: 58%
Magic:  5/6        EV: 13    Int: 18    God:
Gold:   105        SH:  0    Dex: 14    Spells: 2 memorised, 5 levels left

rFire  . . .     SeeInvis +     i - +1 mace (protect)
rCold  . . .     Gourm    .     j - +0 robe
rNeg   + . .     Faith    .     (no shield)
rPois  .         Spirit   .     (no helmet)
rElec  .         Reflect  .     (no cloak)
rCorr  .         Harm     .     (no gloves)
MR     .....                    (no boots)
Stlth  ++........               (no amulet)
                                (no ring)
                                (no ring)

@: very slightly contaminated
A: fangs 3, see invisible, unbreathing
a: Bat Form


You were on level 3 of the Dungeon.
You were not thirsty.

You visited 1 branch of the dungeon, and saw 3 of its levels.

You collected 105 gold pieces.

Inventory:

Hand Weapons
 d - a +0 dagger
 f - a +0 dagger
 i - a +1 mace of protection (weapon)
Missiles
 g - 26 stones (quivered)
Armour
 a - a +0 robe
 j - a +0 robe (worn)
 o - a +0 buckler
 p - a +0 scale mail
Scrolls
 k - a scroll of fog {unknown}
 m - a scroll of noise {unknown}
 n - 2 scrolls of teleportation {unknown}
 q - a scroll of amnesia {unknown}
 r - a scroll of enchant armour {unknown}
Potions
 c - 8 potions of blood
 e - a potion of brilliance {unknown}
 h - a potion of lignification {unknown}
 l - a potion of berserk rage {unknown}
Books
 b - a book of Necromancy

   Spells                             Type                      Level
   a - Pain                           Necromancy                   1
   b - Animate Skeleton               Necromancy                   1
   c - Vampiric Draining              Necromancy                   3
   d - Regeneration                   Charms/Necromancy            3
   e - Animate Dead                   Necromancy                   4
   f - Control Undead                 Necromancy                   4


   Skills:
 + Level 2.5 Dodging
 + Level 3.8 Stealth
 * Level 2.6 Spellcasting
 * Level 5.0 Necromancy


You had 5 spell levels left.
You knew the following spells:

 Your Spells              Type           Power        Failure   Level  Hunger
a - Pain                  Necr           ###.         1%          1    #......
b - Animate Skeleton      Necr           N/A          1%          1    #......


Dungeon Overview and Level Annotations

Branches:
Dungeon (3/15)

Altars:

Annotations:
D:3 equalderp2856's ghost, weakling FeSu


Innate Abilities, Weirdness & Mutations

You have razor-sharp teeth.
You have supernaturally acute eyesight. (SInv)
You can survive without breathing.


Message History

You closely miss equalderp2856's ghost.
Equalderp2856's ghost barely misses you.
You barely miss equalderp2856's ghost.
Equalderp2856's ghost mumbles some strange words.
Equalderp2856's ghost closely misses you.
You closely miss equalderp2856's ghost. The bat closely misses you.
The teleport trap disappears.
The bat disappears!
Equalderp2856's ghost hits you.
You miss equalderp2856's ghost. Equalderp2856's ghost hits you.
You barely miss equalderp2856's ghost.
Equalderp2856's ghost barely misses you.
Equalderp2856's ghost hits you.
You closely miss equalderp2856's ghost. Your bite misses equalderp2856's ghost.
Equalderp2856's ghost pulls a quokka out of its cap.
Equalderp2856's ghost hits you.
* * * LOW HITPOINT WARNING * * *
You miss equalderp2856's ghost.
Equalderp2856's ghost casts a spell.
Equalderp2856's ghost hits you!
You die... ### ###.. .b.# br#

#.###W##
#..r<@.#
#####......#
##.....)#
####..# .. #


You could see equalderp2856's ghost, a river rat, 2 bats and a rat.

Vanquished Creatures
  An adder (D:2)
  A worm (D:2)
  A dart slug (D:1)
  3 leopard geckos
  A ball python (D:1)
  3 giant cockroaches (D:2)
  A hobgoblin (D:1)
  3 jackals (D:1)
  A quokka (D:2)
  6 bats
  3 frilled lizards
  3 goblins (D:1)
  4 kobolds
  4 rats
35 creatures vanquished.

Notes
Turn   | Place    | Note
-------+----------+-------------------------------------------
     0 | D:1      | Megalobster the Vampire Necromancer began the quest for the Orb.
     0 | D:1      | Reached XP level 1. HP: 13/13 MP: 3/3
   473 | D:1      | Reached XP level 2. HP: 18/19 MP: 1/5
   476 | D:1      | Learned a level 1 spell: Animate Skeleton
  1551 | D:2      | Reached XP level 3. HP: 22/24 MP: 3/6
  1896 | D:2      | Reached skill level 5 in Necromancy
  2129 | D:3      | Noticed equalderp2856's ghost (weakling FeSu)
  2139 | D:3      | Slain by equalderp2856's ghost

Skill      XL: |  1  2  3 |
---------------+----------+-----
Necromancy     | 5 |  5.0
Dodging        | |  2.5
Stealth        | |  3.8
Spellcasting   | |  2.6

Action                   || total
-------------------------++-------
Melee: Mace              ||    20
       Bite              ||     2
       Dagger            ||     1
Throw: Stone             ||     4
 Cast: Pain              ||    55
       Animate Skeleton  ||     2
  Eat: Corpse            ||     8
Armor: Robe              ||     4
Dodge: Dodged            ||    16
